 Dungeon Crawl Stone Soup version 0.28.0-1-gb440e238dd (webtiles) character file.

Game seed: 4714757940704827414

281 issech the Cudgeller (level 6, -2/54 HPs)
             Began as a Troll Monk on Feb 25, 2022.
             Was a Believer of Hepliaklqana.
             Slain by a phantom (4 damage)
             ... on level 4 of the Dungeon.
             The game lasted 00:11:37 (3855 turns).

issech the Cudgeller (Troll Monk)                   Turns: 3855, Time: 00:11:38

Health: -2/54      AC:  4    Str: 20    XL:     6   Next: 6%
Magic:  5/5        EV: 10    Int:  6    God:    Hepliaklqana [**....]
Gold:   242        SH:  0    Dex: 14    Spells: 5/5 levels left

rFire   . . .      SeeInvis .   a - +0 mace
rCold   . . .      Faith    .   (no shield)
rNeg    . . .      Spirit   .   b - +0 robe
rPois   .          Reflect  .   (helmet restricted)
rElec   .          Harm     .   (no cloak)
rCorr   .          Rampage  .   (gloves unavailable)
Will    .....                   (boots unavailable)
Stlth   ++........              (no amulet)
HPRegen 0.98/turn               (no ring)
MPRegen 0.09/turn               (no ring)

@: lethally poisoned (-2 -> -3), about to teleport
A: reduced essence, large, unfitting armour, claws 3, regeneration 1, shaggy fur
1, tough skin 1
a: Renounce Religion, Recall Ancestor, Ancestor Identity


You were on level 4 of the Dungeon.
You worshipped Hepliaklqana.
Hepliaklqana was pleased with you.
You visited 2 branches of the dungeon, and saw 6 of its levels.

You collected 242 gold pieces.

Inventory:

Hand Weapons
 a - a +0 mace (weapon)
 e - a +2 vorpal spear
 g - a +3 whip
 k - a +3 dagger
 t - a +2 dagger of speed
Missiles
 h - 54 bolts
 i - 88 stones (quivered)
 n - 11 arrows
Armour
 b - a +0 robe (worn)
Wands
 s - a wand of paralysis (13)
Scrolls
 c - a scroll of enchant weapon
 d - a scroll of magic mapping
 l - a scroll of fear
 m - 3 scrolls of teleportation
 p - a scroll of summoning
 r - a scroll of fog
 v - a scroll of identify
Potions
 f - a potion of flight {unknown}
 j - 3 potions of curing {unknown}
 o - a potion of heal wounds {unknown}
 q - 2 potions of attraction {unknown}
 u - a potion of lignification {unknown}
 w - 2 potions of berserk rage {unknown}


   Skills:
 + Level 3.2 Fighting
 + Level 4.8 Maces & Flails
 + Level 3.2 Dodging
 + Level 1.4 Stealth


You had 5 spell levels left.
You didn't know any spells.
Your spell library was empty.

Dungeon Overview and Level Annotations

Branches:
Dungeon (5/15)             Temple (1/1) D:4

Altars:
Ashenzari
Cheibriados
Dithmenos
Elyvilon
Fedhas
Gozag
Hepliaklqana
Kikubaaqudgha
Makhleb
Nemelex Xobeh
Okawaru
Qazlal
Ru
Sif Muna
Trog
Vehumet
Wu Jian
Xom
Yredelemnul
Zin
The Shining One


Innate Abilities, Weirdness & Mutations

Your life essence is reduced to manifest your ancestor. (-10% HP)
You are too large for most types of armour.
You have claws for hands.
Your natural rate of healing is unusually fast.
You are covered in fur. (AC +1)
You have tough skin. (AC +1)


Message History

The phantom hits you.
The phantom blinks!
You blink.
Found a stone staircase leading down and a stone staircase leading up.
You barely miss the phantom. The phantom hits you.
The phantom blinks!
You blink.
There is a stone staircase leading up here.
The scorpion closely misses you.
The phantom hits you but does no damage.
The orc wizard points at you and mumbles some strange words.
The puff of flame hits you.
You climb upwards.
There is a stone staircase leading down here.
You hit the scorpion but do no damage. The scorpion stings you.
Nammahani closely misses the scorpion.
The phantom barely misses you. The scorpion stings you.
You are poisoned.
The scorpion poisons you!
Nammahani misses the scorpion.
You hit the scorpion but do no damage.
You feel very sick. The scorpion stings you! The phantom hits you.
The phantom blinks!
You blink.
Nammahani barely misses the scorpion.
You miss the phantom.
You feel sick. The phantom hits you.
* * * LOW HITPOINT WARNING * * *
Nammahani casts a spell at the scorpion.
The puff of frost hits the scorpion.
You closely miss the scorpion.
The scorpion is moderately wounded.
You feel sick. The phantom hits you!
* * * LOW HITPOINT WARNING * * *
The scorpion stings you.
* * * LOW HITPOINT WARNING * * *
As you read the scroll of teleportation, it crumbles to dust.
You feel strangely unstable.
You feel sick.
The scorpion stings you but does no damage.
The phantom closely misses you.
Nammahani points at the scorpion and mumbles some strange words.
The puff of frost hits the scorpion.
You hit the phantom.
The phantom is lightly damaged.
You feel sick. The phantom hits you.
You die...

#....#.##.##.###########<...#....
#....#.##..#.# ##########.#......
.....#.....#.# #....##....#.#.###
#....#####.#.# #.##.##.#........#
#....# ###...###.##.##.#..#.#.#R#
#)...# #.........##.##.##.#.#.#.#
.....# ####..######.##.#....#.#.#
###### #..######.##.#..#.#.#.#
#### #.>Rs.@W.....#..###.#.# ...#
#########.......# #.#.. ##.#
######.####.### ...# #......#
.### ######## .# ## #


You could see the friendly Nammahani the battlemage, a phantom and a scorpion
(ally target).

Vanquished Creatures
  A scorpion (D:4)
  2 orc wizards (D:3)
  4 adders
  6 dart slugs
  3 orcs (D:3)
  3 ball pythons
  3 bats
  9 endoplasms
  A giant cockroach (D:2)
  5 goblins
  5 hobgoblins
  7 jackals
  3 quokkas
  3 frilled lizards
  10 kobolds
  8 rats
73 creatures vanquished.

Vanquished Creatures (collateral kills)
  2 hound skeletons (D:4)
  2 ufetubi (D:4)
  An adder skeleton (D:4)
  2 orcs
  A ball python (D:4)
  2 endoplasms (D:4)
  A kobold (D:4)
11 creatures vanquished.

Vanquished Creatures (others)
  2 fungi (D:1)
  2 plants (D:1)
4 creatures vanquished.

Grand Total: 88 creatures vanquished

Notes
Turn   | Place    | Note
-------+----------+-------------------------------------------
     0 | D:1      | issech the Troll Monk began the quest for the Orb.
     0 | D:1      | Reached XP level 1. HP: 22/22 MP: 0/0
    50 | D:1      | Reached skill level 3 in Maces & Flails
    63 | D:1      | Reached XP level 2. HP: 28/29 MP: 1/1
   374 | D:1      | Reached XP level 3. HP: 34/36 MP: 2/2
   707 | D:1      | Found a faded altar of an unknown god.
  1944 | D:3      | Reached XP level 4. HP: 44/44 MP: 3/3
  2071 | D:3      | Reached skill level 4 in Maces & Flails
  2506 | D:3      | Reached XP level 5. HP: 39/53 MP: 4/4
  2768 | D:4      | Found a staircase to the Ecumenical Temple.
  2805 | Temple   | Entered the Ecumenical Temple
  2904 | Temple   | Became a worshipper of Hepliaklqana the Forgotten
  2904 | Temple   | Reached * piety under Hepliaklqana
  2904 | Temple   | Reached ** piety under Hepliaklqana
  2905 | Temple   | Remembered your ancestor Nammahani as a battlemage
  3517 | D:4      | Reached XP level 6. HP: 44/54 MP: 5/5
  3832 | D:5      | Entered Level 5 of the Dungeon
  3853 | D:4      | HP: 2/54 [scorpion (6)]
  3855 | D:4      | Slain by a phantom

Illustrated notes

Levels and vault maps discovered:
D:1:      enne_arrival_octagon_isle, layout_basic,
          shapermc_ecumenical_altar_mp_urbaneastern, hex_tiny
D:2:      layout_basic, minmay_misc_feat_plants, minmay_small_reverse_x
D:3:      layout_loops_cross
D:4:      layout_basic, minmay_temple_entry_mini_moons
D:5:      layout_rooms
Temple:   mainiacjoe_temple_archimedes_tessellation

Skill      XL: |  1  2  3  4 |
---------------+-------------+-----
Maces & Flails | 3 4 |  4.8
Dodging        | 3 |  3.2
Fighting       | 3 |  3.2
Stealth        | |  1.4

Action                   |  1- 3 |  4- 6 || total
-------------------------+-------+-------++-------
Melee: Mace              |   153 |   106 ||   259
       Punch             |     4 |       ||     4
Invok: Ancestor Life: Ba |       |     1 ||     1
  Use: Scroll            |       |     7 ||     7
 Stab: Sleeping          |     1 |     3 ||     4
Armor: Robe              |    74 |    34 ||   108
Dodge: Dodged            |    96 |    49 ||   145
